 Dungeon Crawl Stone Soup version 0.30-a0-920-g7493c07aab (webtiles) character file.

Game seed: 6087673149602385640

32 DeathPants the Trooper (level 3, -1/20 HPs)
             Began as a Vine Stalker Fighter on Mar 21, 2023.
             Succumbed to a goblin's curare-tipped dart
             ... on level 1 of the Dungeon.
             The game lasted 00:02:02 (662 turns).

DeathPants the Trooper (Vine Stalker Fighter)        Turns: 662, Time: 00:02:03

Health: -1/20      AC:  6    Str: 18    XL:     3   Next: 25%
Magic:  3/4        EV:  9    Int: 10    God:
Gold:   25         SH:  4    Dex: 13    Spells: 2/2 levels left

rFire   . . .      SeeInvis .    b - +2 short sword (elec)
rCold   . . .      Faith    .    c - +0 buckler
rNeg    . . .      Spirit   +    g - +0 scale mail
rPois   .          Reflect  .    (no helmet)
rElec   .          Rampage  .    (no cloak)
rCorr   .                        (no gloves)
Will    .....                    (no boots) Stlth
                                 (no amulet)
HPRegen 0.23/turn                (no ring)
MPRegen 0.09/turn                (no ring)

@: lethally poisoned (-1 -> -8)
A: fangs 2, magic shield, antimagic bite, no potion heal 2
a: no special abilities


You were on level 1 of the Dungeon.
You visited 1 branch of the dungeon, and saw 2 of its levels.

You collected 25 gold pieces.

Inventory:

Hand Weapons
 a - a +0 rapier
 b - a +2 short sword of electrocution (weapon)
Armour
 c - a +0 buckler (worn)
 g - a +0 scale mail (worn)
Jewellery
 f - a ring of fire
Scrolls
 e - a scroll of fog {unknown}
Potions
 d - a potion of might


   Skills:
 + Level 3.0 Fighting
 * Level 2.6 Short Blades
 - Level 2.4 Armour
 + Level 3.0 Shields


You had 2 spell levels left.
You didn't know any spells.
Your spell library was empty.

Dungeon Overview and Level Annotations

Branches:
Dungeon (2/15)

Altars:


Innate Abilities, Weirdness & Mutations

You have extremely sharp teeth.
When hurt, damage is shared between your health and your magic reserves.
Your bite disrupts and absorbs the magic of your enemies.
Potions cannot restore your health.


Message History

The jackal bites you but does no damage.
The jackal barely misses you. You block the jackal's attack.
The jackal barely misses you. The jackal attacks as you move away!
The jackal bites you but does no damage.
The jackal attacks as you move away! The jackal barely misses you.
The jackal bites you.
You barely miss the jackal. The jackal misses you.
You hit the jackal.
The jackal is severely wounded.
The jackal barely misses you.
You hit the jackal. Lightning courses through the jackal!
You kill the jackal!
You barely miss the jackal. The jackal barely misses you.
The jackal closely misses you.
You hit the jackal but do no damage. Lightning courses through the jackal!
You kill the jackal!
A goblin comes into view.
It is wielding a +0 dagger and quivering curare-tipped darts.
The goblin shouts!
You see here a jackal corpse.
Found a scroll labelled LUOSHR IROTZE.
The goblin throws a curare-tipped dart.
The curare-tipped dart hits you.
You are lethally poisoned!
You have difficulty breathing.
You feel yourself slow down.
You feel very sick.
The goblin hits you but does no damage. x2
You completely miss the goblin. Your bite misses the goblin.
* * * LOW HITPOINT WARNING * * *
You feel very sick. The goblin closely misses you.
You hit the goblin. Your bite misses the goblin.
The goblin is severely wounded.
* * * LOW HITPOINT WARNING * * *
You feel sick. The goblin hits you but does no damage.
The goblin barely misses you.
It was a potion of cancellation.
Your magical effects are unravelling.
You feel magically purged.
You feel yourself speed up.
You die...

............... #.
#....................
.?.#.....#..........†.††
#.#.....#..............
.'.....+..............
#..?..#######.#######
#.....# #.# #...g.# #.#
####...@.#######.#
#.........†......#
#.###########..#########
#...........
#.#########.
#.#########.
#...........
############


You could see a goblin.

Vanquished Creatures
  An adder (D:1)
  A bat (D:1)
  An endoplasm (D:1)
  A goblin (D:2)
  3 hobgoblins (D:1)
  2 jackals (D:1)
  4 kobolds (D:1)
  2 ball pythons
  A frilled lizard (D:1)
  8 rats (D:1)
24 creatures vanquished.

Vanquished Creatures (others)
  11 toadstools (D:2)
11 creatures vanquished.

Grand Total: 35 creatures vanquished

Notes
Turn   | Place    | Note
-------+----------+-------------------------------------------
     0 | D:1      | DeathPants the Vine Stalker Fighter began the quest for the
                  | Orb.
     0 | D:1      | Reached XP level 1. HP: 11/11 MP: 2/2
   213 | D:1      | Reached XP level 2. HP: 16/16 MP: 3/3
   569 | D:1      | Reached XP level 3. HP: 20/20 MP: 4/4
   661 | D:1      | HP: 1/20 [poisoned by a goblin (curare-tipped dart)]
   662 | D:1      | Succumbed to a goblin's curare-tipped dart

Illustrated notes

Levels and vault maps discovered:
D:1:      dpeg_arrival_round_a, layout_basic
D:2:      cheibrodos_fertilizer, layout_rooms,
          dreamdust_ecumenical_altar_drowned_temple, minmay_close_crescents

Skill      XL: |  1  2  3 |
---------------+----------+-----
Short Blades   | 2 |  2.6
Fighting       | 3 |  3.0
Shields        | 3 |  3.0
Armour         | |  2.4

Action                     || total
---------------------------++-------
  Melee: Rapier            ||    50
         Bite              ||    12
         Short sword       ||     8
    Use: Potion            ||     1
 Armour: Scale mail        ||    34
  Dodge: Dodged            ||    36
  Block: Buckler           ||    13

Table legend: (Time is in decaauts)
 A = Elapsed time spent in this place.
 B = Non-inter-level travel time spent in this place.
 C = Inter-level travel time spent in this place.
 D = Time resting spent in this place.
 E = Time spent auto-exploring this place.
 F = Levels seen in this place.
 G = Mean time per level.
                   A        B        C        D        E       F      G
               +--------+--------+--------+--------+--------+-----+--------+
         Total |    670 |    670 |      0 |    116 |    331 |   2 |  335.0 |
       Dungeon |    670 |    670 |      0 |    116 |    331 |   2 |  335.0 |
               +--------+--------+--------+--------+--------+-----+--------+

Top non-repeatable levels by time:
     D:1: 642 daAuts
     D:2: 28 daAuts
